 Dungeon Crawl Stone Soup version 0.27-a0-1381-g81fdcbfb23 (webtiles) character file.

Game seed: 8347366308768460033

214 Nattfarinn the Magician (level 6, -1/69 HPs)
             Began as a Djinni Venom Mage on June 30, 2021.
             Slain by Crazy Yiuf (20 damage)
             ... on level 3 of the Dungeon.
             The game lasted 00:05:34 (4431 turns).

Nattfarinn the Magician (Djinni Venom Mage)         Turns: 4431, Time: 00:05:34

Health: -1/69      AC:  2    Str:  9    XL:     6   Next: 14%
Gold:   101        EV: 13    Int: 16    God:
                   SH:  0    Dex: 14

rFire    + + .     SeeInvis +   i - +3 dagger
rCold    x . .     Faith    .   (no shield)
rNeg     . . .     Spirit   .   a - +0 robe
rPois    ∞         Reflect  .   (no helmet)
rElec    .         Harm     .   (no cloak)
rCorr    .         Rampage  .   (no gloves)
Will     .....                  (boots unavailable)
Stlth    ..........             (no amulet)
HPRegen  0.21/turn              g - ring of see invisible
MPRegen  0.00/turn              (no ring)

@: berserking, flying, very quick
A: sickness immunity, fire resistance 2, cold vulnerability 1, float, innate
caster, hp casting, extra vitality 1
a: no special abilities


You were on level 3 of the Dungeon.
You visited 1 branch of the dungeon, and saw 3 of its levels.

You collected 101 gold pieces.

Inventory:

Hand Weapons
 i - a +3 dagger (weapon)
Armour
 a - a +0 robe (worn)
Jewellery
 g - a ring of see invisible (left hand)
 k - a ring of fire
 m - a ring of protection from cold
Scrolls
 b - a scroll of amnesia {unknown}
 c - a scroll of enchant armour {unknown}
 e - a scroll of noise {unknown}
 f - a scroll of teleportation {unknown}
 h - a scroll of torment {unknown}
 j - 2 scrolls of identify {unknown}
Potions
 d - a potion of degeneration {unknown}
 l - a potion of haste


   Skills:
 - Level 3.1 Fighting
 - Level 3.3 Dodging
 - Level 1.5 Stealth
 + Level 3.7 Spellcasting


You couldn't memorise any spells.
You knew the following spells:

 Your Spells              Type           Power      Damage    Failure   Level
a - Sting                 Tmut/Pois      60%        1d6       3%          1
b - Poisonous Vapours     Pois/Air       30%        N/A       5%          2
c - Mephitic Cloud        Conj/Pois/Air  15%        N/A       11%         3
d - Ignite Poison         Fire/Tmut/Pois 15%        N/A       11%         3
e - Olgreb's Toxic Radia  Pois           15%        N/A       36%         4
f - Pain                  Necr           60%        1d7       3%          1
g - Passwall              Tmut/Erth      12%        N/A       5%          2
Your spell library was empty.

Dungeon Overview and Level Annotations

Branches:
Dungeon (3/15)

Altars:
Qazlal

Annotations:
D:3 Crazy Yiuf


Innate Abilities, Weirdness & Mutations

You are immune to sickness and miasma.
You are immune to poison.
Your flesh is very heat resistant. (rF++)
You are vulnerable to cold. (rC-)
You float through the air rather than walking.
You learn spells naturally, not from books.
Your magical power is your life essence.
You have superior vitality. (+4 HP)


Message History

You kill the giant cockroach!
You can't see any susceptible monsters within range! (Use Z to cast anyway.)
You can't see any susceptible monsters within range! (Use Z to cast anyway.)
Found a mace.
Found a runed translucent door.
Crazy Yiuf shouts!
Crazy Yiuf cries, "You leg down broken song, no?"
There is a stone staircase leading up here.
There is a stone staircase leading up here.
You reach down and open the door.
Casting: Sting (safe; 3% risk of failure)
Confirm with . or Enter, or press ? or * to list all spells.
Aiming: Poisonous Vapours (safe; 5% risk of failure)
Press: ? - help, Dir - move target, f - Crazy Yiuf
Aim: Crazy Yiuf, wielding a +4 quarterstaff of chaos and wearing a +0 cloak (wandering, hasn't noticed you) Poisonous vapours surround Crazy Yiuf!
Crazy Yiuf is poisoned.
Crazy Yiuf shouts!
Casting: Poisonous Vapours (safe; 5% risk of failure)
Confirm with . or Enter, or press ? or * to list all spells.
Aiming: Poisonous Vapours (safe; 5% risk of failure)
Press: ? - help, Dir - move target, f/p - Crazy Yiuf
Aim: Crazy Yiuf, wielding a +4 quarterstaff of chaos and wearing a +0 cloak (poisoned) Poisonous vapours surround Crazy Yiuf!
Crazy Yiuf looks even sicker.
The sting hits Crazy Yiuf but does no damage.
Crazy Yiuf looks even sicker.
Crazy Yiuf is moderately wounded.
Crazy Yiuf closely misses you.
The sting hits Crazy Yiuf.
Crazy Yiuf looks even sicker.
Crazy Yiuf is moderately wounded.
Crazy Yiuf hits you with a +4 quarterstaff of chaos!
A red film seems to cover your vision as you go berserk!
You feel yourself moving faster!
You feel mighty!
Unknown command.
You barely miss Crazy Yiuf.
Crazy Yiuf is moderately wounded.
Crazy Yiuf hits you with a +4 quarterstaff of chaos!!
* * * LOW HITPOINT WARNING * * *
You closely miss Crazy Yiuf.
Crazy Yiuf is moderately wounded.
Crazy Yiuf hits you with a +4 quarterstaff of chaos!!
You die...

## #.# .#
#.# .# #.#
.# #.# #####
.#######
#.#####...##
)..†..^#
#.#........#
.#####.#
#...###....#
.......#
##### #....#
######.#
#@...#
######.#
#g..##
.......#
##.##
######.#
#.## # #.#
##.# #.#
#.## #.#
##.# #.# #'#
# #.# ...


You could see Crazy Yiuf (very poisoned).

Vanquished Creatures
  A bullfrog skeleton (D:3)
  Natasha (thrice) (D:3)
  Terence (D:2)
  2 adders
  A worm (D:3)
  2 dart slugs
  An orc (D:3)
  5 endoplasms
  7 giant cockroaches
  8 goblins
  3 hobgoblins
  3 jackals (D:3)
  3 kobolds (D:1)
  4 quokkas
  4 ball pythons
  6 bats
  2 frilled lizards
  7 rats
63 creatures vanquished.

Notes
Turn   | Place    | Note
-------+----------+-------------------------------------------
     0 | D:1      | Nattfarinn the Djinni Venom Mage began the quest for the
                  | Orb.
     0 | D:1      | Reached XP level 1. HP: 15/15 MP: 0/0
   268 | D:1      | Found a faded altar of an unknown god.
   280 | D:1      | Reached skill level 1 in Fighting
   543 | D:1      | Reached XP level 2. HP: 17/22 MP: 0/0
  1186 | D:1      | Reached XP level 3. HP: 27/28 MP: 0/0
  1186 | D:1      | Learned a level 1 spell: Pain
  1730 | D:2      | Noticed Terence
  1964 | D:2      | Killed Terence
  1965 | D:2      | Reached XP level 4. HP: 18/34 MP: 0/0
  2823 | D:3      | Reached XP level 5. HP: 29/40 MP: 0/0
  2823 | D:3      | Learned a level 2 spell: Passwall
  3155 | D:3      | Noticed Natasha
  3167 | D:3      | Killed Natasha
  3202 | D:3      | Noticed Natasha
  3215 | D:3      | Killed Natasha
  3220 | D:3      | HP: 2/40 [giant cockroach (2)]
  3721 | D:3      | Noticed Natasha
  3727 | D:3      | Killed Natasha
  3728 | D:3      | Reached XP level 6. HP: 27/46 MP: 0/0
  4093 | D:3      | Found a stormy altar of Qazlal.
  4244 | D:3      | Found a runed translucent door.
  4245 | D:3      | Noticed Crazy Yiuf
  4431 | D:3      | Slain by Crazy Yiuf

Illustrated notes

Levels and vault maps discovered:
D:1:      dpeg_arrival_pits, layout_loops_ring,
          hellmonk_ecumenical_altar_slurped_away, st_stairs_12
D:2:      layout_rooms, uniq_terence
D:3:      layout_loops_ring, nicolae_qazlal_eye_of_the_storm, uniq_natasha,
          uniq_crazy_yiuf_cottage

Skill      XL: |  1  2  3  4  5 |
---------------+----------------+-----
Fighting       | 1 2 3 |  3.1
Dodging        | 3 |  3.3
Spellcasting   | 3 |  3.7
Stealth        | |  1.5

Action                   |  1- 3 |  4- 6 || total
-------------------------+-------+-------++-------
Melee: Dagger            |       |    26 ||    26
 Cast: Sting             |    67 |    58 ||   125
       Poisonous Vapours |     3 |    10 ||    13
       Olgreb's Toxic Ra |       |     1 ||     1
  Use: Potion            |       |     3 ||     3
 Stab: Sleeping          |       |     2 ||     2
Armor: Robe              |    11 |     5 ||    16
Dodge: Dodged            |    20 |    37 ||    57

Table legend: (Time is in decaauts)
 A = Elapsed time spent in this place.
 B = Non-inter-level travel time spent in this place.
 C = Inter-level travel time spent in this place.
 D = Time resting spent in this place.
 E = Time spent auto-exploring this place.
 F = Levels seen in this place.
 G = Mean time per level.
                   A        B        C        D        E       F      G
               +--------+--------+--------+--------+--------+-----+--------+
         Total |   4436 |   4295 |    141 |   1183 |   2709 |   3 | 1478.7 |
       Dungeon |   4436 |   4295 |    141 |   1183 |   2709 |   3 | 1478.7 |
               +--------+--------+--------+--------+--------+-----+--------+

Top non-repeatable levels by time:
     D:1: 1912 daAuts
     D:3: 1373 daAuts
     D:2: 1150 daAuts
